 Dungeon Crawl Stone Soup version 0.16.1-14-g82efdee (webtiles) character file.

139 hulla the Changer (level 5, -5/33 HPs)
             Began as an Octopode Transmuter on Apr 13, 2015.
             Slain by Grinder (6 damage)
             ... while paralysed by Grinder
             ... on level 2 of the Dungeon.
             The game lasted 00:09:51 (2726 turns).

hulla the Changer (Octopode Transmuter)             Turns: 2726, Time: 00:09:52

Health: -5/33      AC:  1    Str:  9    XL:     5   Next: 22%
Magic:  9/9        EV:  2    Int: 16    God:
Gold:   214        SH:  0    Dex: 13    Spells: 3 memorised, 2 levels left

rFire  . . .     SeeInvis .       - Unarmed
rCold  . . .     Clarity  .     (no shield)
rNeg   . . .     SustAb   .     (helmet restricted)
rPois  .         Gourm    .     (no amulet)
rElec  .         Spirit   .     (no ring)
rCorr  .         Warding  .     (no ring)
rMut   .         Stasis   .     (no ring)
MR     .....                    (no ring)
Stlth  ++........               (no ring)
                                (no ring)
                                (no ring)
                                (no ring)

@: paralysed, appendage (expiring), not resistant to hostile enchantments,
unstealthy
A: almost no armour, amphibious, 8 rings, constrict 8, tentacle spike 3,
camouflage 1, gelatinous body 1
a: End Transformation


You were on level 2 of the Dungeon.
You were not hungry.
One of your tentacles had a temporary spike.
You visited 1 branch of the dungeon, and saw 3 of its levels.

You collected 214 gold pieces.

Inventory:

Hand weapons
 a - a +0 hunting sling
 q - a +0 club
Missiles
 b - 27 arrows
 h - 19 poisoned needles
 n - 22 stones (quivered)
 r - 4 arrows of dispersal
 w - 11 poisoned sling bullets
Scrolls
 f - 5 scrolls of remove curse {unknown}
 g - a scroll of fear {unknown}
 i - a scroll of amnesia
 j - 4 scrolls of identify {unknown}
 k - 2 scrolls of enchant weapon {unknown}
 s - a scroll of enchant armour {unknown}
 t - a scroll of blinking {unknown}
Potions
 c - a potion of curing {unknown}
 e - a potion of degeneration {unknown}
 l - a potion of cure mutation {unknown}
 o - 2 potions of restore abilities {unknown}
 p - a potion of mutation {unknown}
 z - a potion of flight {unknown}
Books
 d - a book of Changes

   Spells                             Type                      Level
   a - Beastly Appendage              Transmutation                1
   b - Sticks to Snakes               Transmutation                2
   c - Spider Form                    Transmutation/Poison         3
   d - Ice Form                       Ice/Transmutation            4
   e - Blade Hands                    Transmutation                5
Comestibles
 m - 4 bread rations
 u - a beef jerky
 v - a chunk of flesh
 x - 2 slices of pizza


   Skills:
 - Level 1.0 Fighting
 - Level 2.0 Dodging
 - Level 3.0 Unarmed Combat
 - Level 2.0 Spellcasting
 + Level 4.6 Transmutations
 + Level 2.6 Poison Magic


You had 2 spell levels left.
You knew the following spells:

 Your Spells              Type           Power        Failure   Level  Hunger
a - Beastly Appendage     Trmt           ###...       3%          1    #......
b - Spider Form           Trmt/Pois      ##........   14%         3    ###....
c - Sticks to Snakes      Trmt           ###.......   6%          2    ###....


Dungeon Overview and Level Annotations

Branches:
Dungeon (3/15)

Altars:
Vehumet
Yredelemnul

Annotations:
D:2 1 runed door, Grinder
D:3 Shaaah's ghost, average HOBe


Innate Abilities, Weirdness & Mutations

You cannot wear most types of armour.
You are amphibious.
You can wear up to eight rings at the same time.
You can use your tentacles to constrict many enemies at once.
Your skin changes colour to match your surroundings (Stealth).
Your rubbery body absorbs attacks (AC +1).
One of your tentacles bears a large vicious spike.


Message History

Your transformation is almost over.
Grinder gestures at you. Pain shoots through your body!
You climb upwards.
Level annotation: 1 runed door
There is a stone staircase leading down here.
Read which item? (? for menu, Esc to quit)
As you read the scroll labeled HUAW RUNLUOD, it crumbles to dust.
Forget which spell ([?*] list [ESC] exit)?
Forget which spell ([?*] list [ESC] exit)?
Okay, then.
It was a scroll of amnesia.
Grinder gestures at you.
You suddenly lose the ability to move!
Grinder hits you.
You writhe in agony.
* * * LOW HITPOINT WARNING * * *
Grinder hits you.
* * * LOW HITPOINT WARNING * * *
You writhe in agony.
You die...

########
####################.......
#........5@................
###.######.#......##.######
#.######.#.............#
#..).....#..##########.#
#######..#..#........#.##
#..#..#........'..#
#.....#........#..#
##.##.#........#..#
#.##.#........#...


You could see Grinder.

Vanquished Creatures
  A human zombie (D:2)
  A human skeleton (D:2)
  An adder (D:3)
  3 worms
  A giant gecko (D:2)
  An ooze (D:1)
  A ball python (D:3)
  8 bats
  2 giant cockroaches
  6 goblins
  7 hobgoblins
  3 jackals (D:1)
  7 kobolds
  A quokka (D:2)
  2 giant newts
  A goblin zombie (D:2)
  11 rats
57 creatures vanquished.

Notes
Turn   | Place    | Note
--------------------------------------------------------------
     0 | D:1      | hulla, the Octopode Transmuter, began the quest for the Orb.
     0 | D:1      | Reached XP level 1. HP: 13/13 MP: 3/3
   170 | D:1      | Reached XP level 2. HP: 18/18 MP: 4/4
   894 | D:2      | Reached XP level 3. HP: 19/23 MP: 6/6
   899 | D:2      | Learned a level 3 spell: Spider Form
   902 | D:2      | Learned a level 2 spell: Sticks to Snakes
   926 | D:2      | Found a radiant altar of Vehumet.
  1059 | D:2      | Found a runed door.
  1059 | D:2      | Noticed a human
  1071 | D:2      | Reached skill level 1 in Poison Magic
  1485 | D:2      | Found a basalt altar of Yredelemnul.
  1523 | D:2      | Reached skill level 4 in Transmutations
  1523 | D:2      | Reached XP level 4. HP: 23/28 MP: 0/7
  2060 | D:3      | Reached XP level 5. HP: 33/33 MP: 1/9
  2086 | D:3      | Noticed Shaaah's ghost (average HOBe)
  2715 | D:3      | Noticed Grinder
  2724 | D:2      | Paralysed by Grinder for 6 turns
  2726 | D:2      | HP: 1/33 [Grinder (5)]
  2726 | D:2      | Slain by Grinder

Action                   |  1- 3 |  4- 6 || total
-------------------------+-------+-------++-------
Melee: Unarmed           |    66 |    53 ||   119
 Fire: Hunting sling     |    21 |    11 ||    32
Throw: Stone             |     4 |     4 ||     8
 Cast: Beastly Appendage |    10 |     2 ||    12
       Spider Form       |     1 |     9 ||    10
  Use: Scroll            |       |     1 ||     1
 Stab: Sleeping          |       |     2 ||     2
  Eat: Chunk             |     2 |     6 ||     8
